 Dungeon Crawl Stone Soup version 0.30-a0-949-g53dc5368d7 (webtiles) character file.

Game seed: 16408100777097585598

10001 howech the Cruncher (level 11, -2/95 HPs)
             Began as a Minotaur Gladiator on Mar 26, 2023.
             Was a Follower of Cheibriados.
             Slain by an elephant (7 damage)
             ... on level 2 of the Lair of Beasts on Mar 27, 2023.
             The game lasted 00:48:06 (11709 turns).

howech the Cruncher (Minotaur Gladiator)           Turns: 11709, Time: 00:48:07

Health: -2/95      AC:  8    Str: 28    XL:     11   Next: 30%
Magic:  15/17      EV: 16    Int: 14    God:    Cheibriados [*.....]
Gold:   652        SH:  5    Dex: 15    Spells: 12/20 levels left

rFire   . . .      SeeInvis .    a - +0 quarterstaff
rCold   . . .      Faith    .    (shield currently unavailable)
rNeg    + . .      Spirit   .    K - +0 steam dragon scales
rPois   +          Reflect  +    c - +0 hat
rElec   +          Rampage  .    R - +0 cloak
rCorr   .                        Q - +0 pair of gloves
Will    .....                    (no boots)
Stlth   +                        u - amulet of Temperance {Reflect rElec rN+ Int+5 SH+5}
HPRegen 0.35/turn                g - ring of poison resistance
MPRegen 0.15/turn                k - +6 ring of strength

@: studying Air Magic, very slow
A: horns 2, retaliatory headbutt
a: Renounce Religion, Bend Time


You were on level 2 of the Lair of Beasts.
You worshipped Cheibriados.
Cheibriados was aware of your devotion.
You visited 3 branches of the dungeon, and saw 12 of its levels.
You also visited: Ossuary.

You collected 652 gold pieces.

Inventory:

Hand Weapons
 a - a +0 quarterstaff (weapon)
 A - a +5 quarterstaff of chaos
 S - the +5 spear "Hyen" {heavy, rC+}
   (You found it on level 1 of the Lair of Beasts)

   rC:        It protects you from cold.
Missiles
 e - 5 javelins (quivered)
 i - 31 poisoned darts
 p - 2 boomerangs
 y - 2 curare-tipped darts
 P - 2 throwing nets
Armour
 b - a +0 leather armour
 c - a +0 hat (worn)
 K - +0 steam dragon scales (worn)
 Q - a +0 pair of gloves (worn)
 R - a +0 cloak (worn)
Jewellery
 g - a ring of poison resistance (left hand)
 k - a +6 ring of strength (right hand)
 n - a ring of willpower
 o - a ring of magical power
 r - a +6 ring of intelligence
 u - the amulet of Temperance (around neck) {Reflect rElec rN+ Int+5 SH+5}
   (You found it on level 4 of the Dungeon)

   [amulet of reflection]

   It reflects blocked missile attacks.
   Int:       It affects your intelligence (+5).
   rElec:     It insulates you from electricity.
   rN:        It protects you from negative energy.
   SH:        It affects your SH (+5).
 M - a +6 ring of strength
 N - a ring of see invisible
Wands
 s - a wand of mindburst (19)
 t - a wand of flame (6)
 w - a wand of acid (13)
 G - a wand of paralysis (15)
 O - a wand of polymorph (3)
Scrolls
 d - a scroll of enchant weapon
 j - 4 scrolls of immolation
 v - 2 scrolls of amnesia
 x - 2 scrolls of teleportation
 I - a scroll of poison
Potions
 f - 3 potions of brilliance
 h - 2 potions of lignification
 l - 5 potions of flight
 m - 3 potions of magic
 q - 2 potions of attraction
 z - a potion of resistance
 B - 2 potions of curing
 C - 2 potions of berserk rage
 E - a potion of mutation {unknown}
 F - a potion of cancellation {unknown}
 H - a potion of might {unknown}
 J - 3 potions of degeneration {unknown}
 L - a potion of heal wounds {unknown}


   Skills:
 + Level 8.5 Fighting
 + Level 8.9 Staves
 - Level 7.0 Throwing
 + Level 4.1 Armour
 + Level 8.2 Dodging
 * Level 5.1 Spellcasting
 * Level 5.6 Fire Magic
 + Level 1.3 Air Magic
 + Level 1.7 Invocations
 + Level 1.6 Evocations


You had 12 spell levels left.
You knew the following spells:

 Your Spells              Type           Power      Damage    Failure   Level
a - Ignition              Fire           9%         3d5       100%        8

Your spell library contained the following spells:

 Spells                   Type           Power      Damage    Failure   Level
 Summon Small Mammal      Summ           12%        N/A       17%         1
 Ensorcelled Hibernation  Hex/Ice        6%         N/A       26%         2
 Call Canine Familiar     Summ           3%         N/A       45%         3
 Gell's Gravitas          Tloc           3%         N/A       45%         3
 Spider Form              Tmut/Pois      3%         N/A       45%         3
 Summon Guardian Golem    Hex/Summ       3%         N/A       45%         3
 Teleport Other           Tloc           3%         N/A       45%         3
 Anguish                  Hex/Necr       1%         N/A       86%         4
 Animate Dead             Necr           3%         N/A       86%         4
 Olgreb's Toxic Radiance  Pois           3%         N/A       86%         4
 Dispersal                Tloc           1%         N/A       100%        6
 Haunt                    Necr/Summ      1%         N/A       100%        7
 Ozocubu's Refrigeration  Ice            1%         4d7       100%        7
 Infestation              Necr           1%         N/A       100%        8


Dungeon Overview and Level Annotations

Branches:
Dungeon (9/15)             Temple (1/1) D:5            Lair (2/5) D:9
Ossuary (visited)
  Swamp: Lair:2-3    Shoals: Lair:2-3     Snake: Lair:2-3    Spider: Lair:2-3
    Orc: D:9-12

Altars:
Ashenzari
Cheibriados
Dithmenos
Elyvilon
Fedhas
Gozag
Hepliaklqana
Kikubaaqudgha
Nemelex Xobeh
Okawaru
Qazlal
Ru
Sif Muna
Trog
Vehumet
Wu Jian
Xom
Yredelemnul
Zin
The Shining One

Shops:
D:4 !


Innate Abilities, Weirdness & Mutations

You have a pair of horns on your head.
You reflexively headbutt those who attack you in melee.


Message History

You headbutt the elephant, but do no damage.
The elephant is heavily wounded.
You hit the elephant but do no damage.
You headbutt the elephant, but do no damage.
The elephant is heavily wounded.
The elephant tramples you!
* * * LOW HITPOINT WARNING * * *
You hold your ground!
You block the elephant's attack.
You hit the elephant but do no damage. You headbutt the elephant!
The elephant is heavily wounded.
The elephant tramples you but does no damage.
The elephant trunk-slaps you but does no damage.
You hit the elephant.
The elephant is severely wounded.
The elephant closely misses you. You furiously retaliate!
You headbutt the elephant. The elephant closely misses you.
You sock the elephant!
The elephant is almost dead.
The elephant tramples you!
* * * LOW HITPOINT WARNING * * *
You hold your ground!
The elephant trunk-slaps you but does no damage.
You hit the elephant. You headbutt the elephant.
You kill the elephant!
Cheibriados appreciates the change of pace.
As you read the scroll of fear, it crumbles to dust.
You assume a fearsome visage.
The elephant looks frightened! x3
You see here an elephant corpse.
You sock the elephant! You headbutt the elephant!
The elephant is moderately wounded.
The elephant tramples you!
* * * LOW HITPOINT WARNING * * *
You hold your ground!
You block the elephant's attack.
The elephant tramples you but does no damage.
The elephant trunk-slaps you but does no damage.
You sock the elephant!
The elephant is heavily wounded.
The elephant barely misses you. The elephant closely misses you.
The elephant tramples you!
You die...

≈≈~≈~ ≈≈≈≈≈~~ ≈≈≈≈≈≈~
### ##### ≈≈≈≈≈≈P
##.#######.#..#
≈≈≈~≈~~♣###
#Y#..........#
≈≈~~P~P..P#
##@Y.........#
~~~~P~~...###
##..........#
~P~~~~~..+..###
#....YY....#
~PP~~~~..##...#
#....###....#
~.~P~~~..##...###...Y#
#.##
..PP.~~..####..##...##
# .........# ##..'...#
Y........# ####..##
###......## #.Y#


You could see 5 elephants.

Vanquished Creatures
  Pikel (D:5)
  Maurice (D:9)
  Joseph (D:9)
  An elephant (Lair:2)
  A black mamba (Lair:1)
  2 cane toads (Lair:1)
  An unseen horror (D:9)
  A troll (D:9)
  A wraith (D:9)
  15 yaks
  A basilisk (Lair:1)
  Grum (Lair:1)
  A steam dragon (D:8)
  Menkaure (D:5)
  2 water moccasins
  2 acid dragons (D:8)
  A black bear (D:5)
  An orc warrior (D:9)
  2 ice beasts (D:7)
  2 sky beasts
  2 ogres (D:5)
  8 wolves
  7 centaurs
  3 phantoms
  A lemure (D:5)
  4 kobold brigands
  2 bullfrogs (D:7)
  A gnoll sergeant (D:7)
  2 scorpions
  A wight (D:7)
  3 killer bees (D:9)
  2 hounds
  5 human zombies (Ossuary)
  4 orc priests
  2 centaur zombies (Ossuary)
  A gnoll bouda (D:7)
  3 sleepcaps
  Crazy Yiuf (D:5)
  4 orc wizards
  4 iguanas
  2 mummies (Ossuary)
  12 gnolls
  6 adders
  2 shadow imps
  A white imp (D:5)
  3 ufetubi
  3 worms
  A dart slug (D:3)
  21 orcs
  9 bats
  9 endoplasms
  5 giant cockroaches
  12 goblins
  10 hobgoblins
  4 jackals (D:1)
  23 kobolds
  3 quokkas
  5 ball pythons
  3 frilled lizards
  A goblin zombie (Ossuary)
  6 hobgoblin zombies (Ossuary)
  A jackal zombie (Ossuary)
  10 kobold zombies (Ossuary)
  11 orc zombies (Ossuary)
  3 rats
  A rat zombie (Ossuary)
266 creatures vanquished.

Vanquished Creatures (collateral kills)
  An orc (D:6)
1 creature vanquished.

Vanquished Creatures (others)
  3 fungi
  7 plants
10 creatures vanquished.

Grand Total: 277 creatures vanquished

Notes
Turn   | Place    | Note
-------+----------+-------------------------------------------
     0 | D:1      | howech the Minotaur Gladiator began the quest for the Orb.
     0 | D:1      | Reached XP level 1. HP: 18/18 MP: 0/0
   161 | D:1      | Reached XP level 2. HP: 22/25 MP: 1/1
   456 | D:1      | Reached XP level 3. HP: 30/31 MP: 2/2
  1252 | D:2      | Found a faded altar of an unknown god.
  1499 | D:3      | Reached XP level 4. HP: 36/38 MP: 3/3
  1581 | D:3      | Found an opulent altar of Gozag.
  1884 | D:3      | Reached XP level 5. HP: 45/45 MP: 4/4
  2119 | D:3      | Found a broken altar of Ashenzari.
  2369 | D:4      | Identified the amulet of Temperance {Reflect rElec rN+
                  | Int+5 SH+5}
  2484 | D:4      | Found Gyjang's Distillery.
  2497 | D:4      | Reached skill level 1 in Fire Magic
  2497 | D:4      | Reached XP level 6. HP: 52/52 MP: 6/6
  2610 | D:4      | Reached skill level 1 in Spellcasting
  2880 | D:4      | Reached skill level 5 in Staves
  3061 | D:5      | Entered Level 5 of the Dungeon
  3106 | D:5      | Noticed Menkaure
  3112 | D:5      | Killed Menkaure
  3113 | D:5      | Reached XP level 7. HP: 41/60 MP: 6/8
  3223 | D:5      | Noticed Pikel
  3236 | D:5      | Killed Pikel
  3237 | D:5      | Reached skill level 5 in Fighting
  3237 | D:5      | Reached skill level 5 in Dodging
  3298 | D:5      | Reached XP level 8. HP: 68/68 MP: 10/10
  3336 | D:5      | Found a staircase to the Ecumenical Temple.
  3344 | Temple   | Entered the Ecumenical Temple
  3544 | D:5      | HP: 1/69 [poisoned by a water moccasin]
  3864 | D:5      | Found a runed translucent door.
  3865 | D:5      | Noticed Crazy Yiuf
  4300 | D:5      | Killed Crazy Yiuf
  4495 | D:5      | Reached skill level 5 in Throwing
  4555 | D:6      | Found a sand-covered staircase.
  4574 | Ossuary  | Entered an ossuary
  4948 | D:6      | Reached XP level 9. HP: 77/77 MP: 12/12
  5110 | D:6      | Found a hazy altar of Hepliaklqana.
  5153 | D:6      | Found a basalt altar of Yredelemnul.
  7396 | D:7      | Learned a level 8 spell: Ignition
  7994 | D:8      | Reached skill level 1 in Armour
  8145 | D:8      | Reached XP level 10. HP: 56/86 MP: 14/14
  8816 | D:9      | Noticed Joseph
  8818 | D:9      | Noticed Maurice
  9116 | D:9      | Killed Joseph
  9434 | D:9      | Killed Maurice
  9435 | D:9      | Reached skill level 5 in Fire Magic
  9696 | D:9      | Found a stormy altar of Qazlal.
  9697 | D:9      | Found a glowing golden altar of the Shining One.
  9698 | D:9      | Found a snail-covered altar of Cheibriados.
  9703 | D:9      | Became a worshipper of Cheibriados the Contemplative
  9721 | D:9      | Upgraded the game from 0.30-a0-948-g4fa250aae5 to
                  | 0.30-a0-949-g53dc5368d7
 10143 | D:9      | Found a staircase to the Lair.
 10344 | Lair:1   | Entered Level 1 of the Lair of Beasts
 10365 | Lair:1   | Noticed a cane toad
 10378 | Lair:1   | Killed a cane toad
 10601 | Lair:1   | Noticed Grum
 10620 | Lair:1   | Killed Grum
 10621 | Lair:1   | Reached XP level 11. HP: 53/94 MP: 17/17
 10790 | Lair:1   | Reached skill level 1 in Invocations
 10891 | Lair:1   | Identified the +5 spear "Hyen" {heavy, rC+}
 10946 | Lair:1   | Reached skill level 1 in Evocations
 11344 | Lair:2   | Reached * piety under Cheibriados
 11345 | Lair:2   | Reached skill level 5 in Spellcasting
 11353 | Lair:1   | Reached skill level 1 in Air Magic
 11709 | Lair:2   | Slain by an elephant

Illustrated notes

Levels and vault maps discovered:
D:1:      lightli_arrival_flooded_house, layout_loops_ring
D:2:      layout_rooms, shapermc_ecumenical_altar_totnotflames
D:3:      layout_basic, nicolae_gozag_seed_capital,
          mainiacjoe_overflow_six_doors_small,
          mainiacjoe_overflow_concentric_impassable,
          amcnicky_mini_corridor_feature, minmay_starry_boxes
D:4:      layout_loops_ring, serial_shops, kennysheep_mini
D:5:      layout_cave_pods, temple_green, hangedman_abyss_or_decor_lesser_grid,
          uniq_pikel, uniq_crazy_yiuf_cottage, uniq_menkaure
D:6:      layout_layer_cave, mainiacjoe_overflow_large_starburst,
          enter_ossuary_5
D:7:      layout_cave_pods, serial_park, serial_park_gazebo
          [serial_park_minivault_5x5_2], serial_park_square3
          [serial_park_minivault_5x5_5], serial_park_square1
          [serial_park_minivault_5x5_7], serial_park_tiny_1, serial_park_tiny_2,
          serial_park_square2
D:8:      layout_rooms
D:9:      layout_rooms, gammafunk_temple_overflow_claw, lair_entry_dummy,
          serial_glass, glass_columns_c, glass_columns_c, glass_columns_c,
          glass_columns_b, glass_columns_a, glass_columns_c, uniq_joseph,
          uniq_maurice
Temple:   dshaligram_water_room_temple
Lair:1:   layout_misc_corridors, infiniplex_staircase_pool, uniq_grum
Lair:2:   layout_roguey, elwin_shoals_entry_stream, grunt_megastairs_2,
          serial_bayou_shore_a, lemuel_fruit_tree

Skill      XL: |  1  2  3  4  5  6  7  8  9 10 11 |
---------------+----------------------------------+-----
Fighting       | 3 4 5 6 7 8 |  8.5
Staves         | 4 5 6 7 8 |  8.9
Dodging        | 4 5 6 7 8 |  8.2
Throwing       | 3 4 5 6 7 |  7.0
Fire Magic     | 1 2 3 4 5 |  5.6
Spellcasting   | 1 2 3 4 5 |  5.1
Armour         | 1 3 4 |  4.1
Invocations    | 1 |  1.7
Evocations     | 1 |  1.6
Air Magic      | 1 |  1.3

Action                     |  1- 3 |  4- 6 |  7- 9 | 10-12 || total
---------------------------+-------+-------+-------+-------++-------
  Melee: Quarterstaff      |    91 |   113 |   281 |   201 ||   686
         Headbutt          |     8 |    20 |    41 |    58 ||   127
  Throw: Throwing net      |       |     1 |     4 |     4 ||     9
         Javelin           |       |       |     1 |    15 ||    16
 Invoke: Bend Time         |       |       |       |     1 ||     1
    Use: Scroll            |     5 |     1 |     9 |     4 ||    19
         Potion            |       |     1 |     2 |     4 ||     7
   Stab: Sleeping          |     1 |     1 |       |       ||     2
         Held in net/web   |       |       |     2 |     1 ||     3
 Armour: Leather armour    |    27 |    21 |    44 |       ||    92
         Steam dragon scal |       |       |     1 |    54 ||    55
  Dodge: Dodged            |    57 |    52 |   184 |   145 ||   438
  Block: Other             |       |    10 |    70 |    49 ||   129
         Reflection        |       |     2 |     6 |       ||     8

Table legend: (Time is in decaauts)
 A = Elapsed time spent in this place.
 B = Non-inter-level travel time spent in this place.
 C = Inter-level travel time spent in this place.
 D = Time resting spent in this place.
 E = Time spent auto-exploring this place.
 F = Levels seen in this place.
 G = Mean time per level.
                   A        B        C        D        E       F      G
               +--------+--------+--------+--------+--------+-----+--------+
         Total |  12015 |  11501 |    514 |   3170 |   5768 |  13 |  924.2 |
       Dungeon |  10009 |   9558 |    451 |   2673 |   5029 |   9 | 1112.1 |
        Temple |     90 |     70 |     20 |      0 |     60 |   1 |   90.0 |
          Lair |   1582 |   1540 |     42 |    490 |    658 |   2 |  791.0 |
       Ossuary |    332 |    332 |      0 |      7 |     21 |   1 |  332.0 |
               +--------+--------+--------+--------+--------+-----+--------+

Top non-repeatable levels by time:
     D:6: 1732 daAuts
     D:7: 1398 daAuts
     D:9: 1382 daAuts
     D:5: 1365 daAuts
  Lair:1: 1331 daAuts
     D:8: 1055 daAuts
     D:3: 896 daAuts
     D:1: 860 daAuts
     D:4: 775 daAuts
     D:2: 542 daAuts
 Ossuary: 332 daAuts
  Lair:2: 251 daAuts
  Temple: 90 daAuts
